 Dungeon Crawl Stone Soup version 0.24-a0-451-g263dff2034 (webtiles) character file.

Game seed: 15331570265568566336

261 Mrkan the Ruffian (level 5, -5/75 HPs)
             Began as a Troll Monk on June 26, 2019.
             Killed by divine providence
             ... invoked by an orc priest
              (9 damage)
             ... on level 3 of the Dungeon.
             The game lasted 00:03:44 (2135 turns).

Mrkan the Ruffian (Troll Monk)                      Turns: 2135, Time: 00:03:45

Health: -5/75      AC: 22    Str: 19    XL:     5   Next: 96%
Magic:  4/4        EV:  1    Int:  7    God:
Gold:   78         SH:  0    Dex: 12    Spells: 4/4 levels left

rFire    . . .     SeeInvis .     - Unarmed
rCold    . . .     Gourm    +   (no shield)
rNeg     + + +     Faith    .   (armour currently unavailable)
rPois    +         Spirit   .   (helmet currently unavailable)
rElec    .         Reflect  .   (cloak currently unavailable)
rCorr    .         Harm     .   (gloves unavailable)
MR       .....     NoTele   +   (boots unavailable)
Stlth    ++........             (no amulet)
HPRegen  0.62/turn              (no ring)
MPRegen  0.09/turn              (no ring)

@: tree-form
A: large, unfitting armour, fast metabolism 3, gourmand, regeneration 1
a: no special abilities


You were on level 3 of the Dungeon.
You were very full.
You were a tree.
You visited 1 branch of the dungeon, and saw 3 of its levels.

You collected 78 gold pieces.

Inventory:

Missiles
 o - 5 boomerangs (quivered)
Armour
 a - a +0 robe (melded)
Jewellery
 p - an uncursed ring of protection from magic {unknown}
Scrolls
 c - 2 scrolls of immolation {unknown}
 f - 8 scrolls of identify {unknown}
 i - 5 scrolls of remove curse {unknown}
 m - 2 scrolls of teleportation {unknown}
 n - 2 scrolls of amnesia {unknown}
 r - a scroll of enchant weapon {unknown}
Potions
 d - a potion of curing {unknown}
 e - a potion of lignification
 g - a potion of haste {unknown}
 h - 2 potions of degeneration {unknown}
 j - a potion of flight {unknown}
 k - 2 potions of brilliance {unknown}
 l - 2 potions of agility {unknown}
 q - a potion of ambrosia {unknown}
Comestibles
 b - 8 rations


   Skills:
 - Level 2.4 Fighting
 - Level 2.4 Dodging
 - Level 1.0 Stealth
 * Level 6.7 Unarmed Combat


You had 4 spell levels left.
You didn't know any spells.
Your spell library was empty.

Dungeon Overview and Level Annotations

Branches:
Dungeon (3/15)

Altars:
Trog
Zin


Innate Abilities, Weirdness & Mutations

You are too large for most types of armour.
((You have claws for hands.))
Your metabolism is lightning-fast.
You like to eat raw meat.
Your natural rate of healing is unusually fast.
((You are covered in fur. (AC +1)))
((You have extremely tough skin. (AC +3)))


Message History

The orc priest invokes the aid of Beogh against you.
Beogh smites you! The orc wizard closely misses you.
You barely miss the orc wizard.
The orc wizard is almost dead.
The orc wizard casts a spell at you. The puff of flame hits you!
* * * LOW HITPOINT WARNING * * *
You claw the orc wizard!
You kill the orc wizard!
You barely miss the orc priest.
The orc priest begins to cast a cantrip, but forgets the words!
You closely miss the orc priest.
The orc priest hits you with a +0 flail.
* * * LOW HITPOINT WARNING * * *
Really quaff the potion of lignification?
You turn into a tree.
Your +0 robe melds into your body.
Your roots penetrate the ground.
The orc priest calls down the wrath of Beogh upon you.
Beogh smites you!
You die...

#.# #.#
#....#######
#.# #.#
####....# #
#.#
#.#........#.#
#. #.#
#.#.######.#.#
#. #.# #.#
#.#.# #. #.#
#.. ..#.# #.#
### ###.#
#.#####.#
#.####
#...♣o..#
#.....
#########
######


You could see an orc priest.

Vanquished Creatures
  2 orc priests (D:3)
  An orc wizard (D:3)
  4 gnolls (D:2)
  5 adders
  4 worms
  A dart slug (D:1)
  2 leopard geckos
  3 orcs (D:3)
  10 giant cockroaches
  12 goblins
  6 hobgoblins
  3 jackals (D:3)
  7 kobolds
  A quokka (D:3)
  7 bats
  3 frilled lizards
  10 rats
81 creatures vanquished.

Notes
Turn   | Place    | Note
-------+----------+-------------------------------------------
     0 | D:1      | Mrkan the Troll Monk began the quest for the Orb.
     0 | D:1      | Reached XP level 1. HP: 22/22 MP: 0/0
    93 | D:1      | Reached XP level 2. HP: 28/29 MP: 1/1
   177 | D:1      | Reached skill level 4 in Unarmed Combat
   298 | D:1      | Reached XP level 3. HP: 36/36 MP: 2/2
   855 | D:2      | Reached skill level 5 in Unarmed Combat
   855 | D:2      | Reached XP level 4. HP: 9/44 MP: 3/3
  1037 | D:2      | Found a faded altar of an unknown god.
  1425 | D:3      | Reached XP level 5. HP: 44/50 MP: 4/4
  1606 | D:3      | Found a bloodstained altar of Trog.
  1648 | D:3      | Reached skill level 6 in Unarmed Combat
  2094 | D:3      | Found a glowing silver altar of Zin.
  2134 | D:3      | HP: 2/50 [orc priest/+0 flail (6)]
  2135 | D:3      | Killed from afar by an orc priest

Levels and vault maps discovered:
D:1:      scummos_arrival_forest, layout_basic, lemuel_another_geyser
D:2:      layout_basic, chequers_ecumenical_altar_twisty
D:3:      mumra_celtic_spiral_tile, layout_loops_ring, lightli_temple_of_fire,
          zin_statuary

Skill      XL: |  1  2  3  4  5 |
---------------+----------------+-----
Unarmed Combat | 4 5 6 |  6.7
Fighting       | |  2.4
Dodging        | |  2.4
Stealth        | |  1.0

Action                   |  1- 3 |  4- 6 || total
-------------------------+-------+-------++-------
Melee: Unarmed           |    89 |    99 ||   188
       Punch             |     2 |     3 ||     5
  Use: Potion            |       |     2 ||     2
 Stab: Sleeping          |     1 |       ||     1
  Eat: Chunk             |    12 |    11 ||    23
Armor: Robe              |    31 |    22 ||    53
       Skin              |       |    30 ||    30
Dodge: Dodged            |    24 |    46 ||    70

Table legend:
 A = Non-vault XP
 B = Vault XP
 C = Vault XP percentage of total XP
 D = Non-vault monster count
 E = Vault monster count
 F = Vault count percentage of total count
                 A         B        C        D         E       F
            +---------+---------+-------+---------+---------+-------
      Total |     374 |       0 |   0.0 |      81 |       0 |   0.0
            +---------+---------+-------+---------+---------+-------
        D:1 |      57 |       0 |   0.0 |      32 |       0 |   0.0
        D:2 |     122 |       0 |   0.0 |      24 |       0 |   0.0
        D:3 |     195 |       0 |   0.0 |      25 |       0 |   0.0
            +---------+---------+-------+---------+---------+-------
